 Dungeon Crawl Stone Soup version 0.27.1-4-g1640c2035a (webtiles) character file.

Game seed: 18240192642413126048

28 Stomo444 the Skirmisher (level 3, -1/33 HPs)
             Began as a Draconian Monk on Nov 10, 2021.
             Slain by Sigmund (11 damage)
             ... on level 2 of the Dungeon.
             The game lasted 00:02:11 (1212 turns).

Stomo444 the Skirmisher (Draconian Monk)            Turns: 1212, Time: 00:02:12

Health: -1/33      AC:  5    Str: 14    XL:     3   Next: 0%
Magic:  3/3        EV: 12    Int: 10    God:
Gold:   85         SH:  0    Dex: 13    Spells: 2/2 levels left

rFire    . . .     SeeInvis .   a - +0 mace
rCold    . . .     Faith    .   (no shield)
rNeg     . . .     Spirit   .   (armour unavailable)
rPois    .         Reflect  .   (helmet restricted)
rElec    .         Harm     .   (no cloak)
rCorr    .         Rampage  .   (no gloves)
Will     .....                  (no boots)
Stlth    +.........             (no amulet)
HPRegen  0.11/turn              (no ring)
MPRegen  0.08/turn              (no ring)

@: silenced, attractive
A: AC +5, unfitting armour, cold-blooded
a: no special abilities


You were on level 2 of the Dungeon.
You visited 1 branch of the dungeon, and saw 2 of its levels.

You collected 85 gold pieces.

Inventory:

Hand Weapons
 a - a +0 mace (weapon)
Armour
 c - a scarf of harm
Scrolls
 f - a scroll of vulnerability {unknown}
 g - a scroll of enchant weapon {unknown}
 h - a scroll of teleportation {unknown}


   Skills:
 + Level 3.7 Fighting
 + Level 3.4 Maces & Flails
 + Level 3.0 Dodging
 + Level 2.0 Stealth


You had 2 spell levels left.
You didn't know any spells.
Your spell library was empty.

Dungeon Overview and Level Annotations

Branches:
Dungeon (2/15)

Altars:

Shops:
D:1 [!:(

Annotations:
D:2 Sigmund


Innate Abilities, Weirdness & Mutations

Your plain brown scales are hard. (AC +5)
You cannot fit into any form of body armour.
You are cold-blooded and may be slowed by cold attacks.


Message History

Sigmund is pulled toward you!
You aren't carrying any potions.
Unknown command.
You are too confused!
Unknown command.
Sigmund barely misses you. Sigmund is pulled toward you!
Unknown command.
You bump into the rock wall.
You hit Sigmund.
Sigmund is lightly wounded.
Sigmund hits you with a +4 scythe of protection!
Unknown command.
Sigmund barely misses you. Sigmund is pulled toward you!
You feel less confused. Sigmund completely misses you.
Sigmund is pulled toward you! Sigmund is pulled toward you!
You hit Sigmund.
Sigmund is lightly wounded.
Sigmund closely misses you.
Sigmund hits you from afar with a +4 scythe of protection!
Sigmund is pulled toward you!
You hit Sigmund.
Sigmund is moderately wounded.
Sigmund points at you and mumbles some strange words.
You resist with significant effort. Sigmund is pulled toward you!
As you read the scroll labelled RAAZXUROCE, it crumbles to dust.
It is a scroll of identify.
e - a scroll of silence Sigmund hits you with a +4 scythe of protection.
Unknown command.
As you read the scroll of silence, it crumbles to dust.
A profound silence engulfs you. Sigmund misses you.
Unknown command.
Magic scrolls do not work when you're silenced!
Unknown command.
Sigmund is pulled toward you!
Magic scrolls do not work when you're silenced!
Unknown command.
Sigmund hits you from afar with a +4 scythe of protection!
You die...

##......... #..........
###'####### .... #.....# ...
#########.# ... #.........#
.. #.######### .#
#.#######################.###
#.##..).........@.@.........#
#.##.###################.##.#
#.##.# #.# #...(# #.# ######
#.. ###


You could see Sigmund.

Vanquished Creatures
  A dart slug (D:1)
  A ball python (D:1)
  5 bats
  An endoplasm (D:1)
  2 giant cockroaches (D:1)
  4 hobgoblins (D:1)
  3 kobolds
  A quokka (D:1)
  3 frilled lizards
  3 rats (D:1)
24 creatures vanquished.

Notes
Turn   | Place    | Note
-------+----------+-------------------------------------------
     0 | D:1      | Stomo444 the Draconian Monk began the quest for the Orb.
     0 | D:1      | Reached XP level 1. HP: 19/19 MP: 1/1
   164 | D:1      | Found Jaj Luug's Book Shoppe.
   186 | D:1      | Found Heiggon's Weapon Shoppe.
   205 | D:1      | Found a faded altar of an unknown god.
   307 | D:1      | Found Zaaduf's Magic Scroll Shop.
   359 | D:1      | Reached XP level 2. HP: 26/26 MP: 2/2
   742 | D:1      | Found Duherep's Distillery.
   897 | D:1      | Found Kenol's Armour Emporium.
  1179 | D:2      | Reached XP level 3. HP: 33/33 MP: 3/3
  1196 | D:2      | Noticed Sigmund
  1212 | D:2      | Slain by Sigmund

Illustrated notes

Levels and vault maps discovered:
D:1:      sevenhm_arrival_forest_fort_large_2, layout_loops_corners,
          basic_ecumenical_altar, serial_shops, shop, shop,
          nicolae_shop_statue_plus, shop_fountains, nicolae_shop_statue_plus,
          minmay_cupped
D:2:      layout_basic, uniq_sigmund, uniq_crazy_yiuf_cottage

Skill      XL: |  1  2 |
---------------+-------+-----
Dodging        | 3 |  3.0
Stealth        | 2 |  2.0
Fighting       | |  3.7
Maces & Flails | |  3.4

Action                   || total
-------------------------++-------
Melee: Mace              ||    57
       Tailslap          ||     5
  Use: Scroll            ||     2
       Potion            ||     1
 Stab: Sleeping          ||     3
Armor: Skin              ||    10
Dodge: Dodged            ||    38
